 Dungeon Crawl Stone Soup version 0.24-a0-290-gbb66a672fa (webtiles) character file.

Game seed: 13177434906302731915

256 Redear the Skirmisher (level 5, -1/43 HPs)
             Began as a Demonspawn Chaos Knight on May 8, 2019.
             Was a Plaything of Xom.
             Shot with an arrow by a centaur (11 damage)
             ... on level 4 of the Dungeon.
             The game lasted 00:06:08 (3262 turns).

Redear the Skirmisher (Demonspawn Chaos Knight)     Turns: 3262, Time: 00:06:09

Health: -1/43      AC:  6    Str: 13    XL:     5   Next: 92%
Magic:  5/5        EV: 12    Int: 13    God:    Xom [..*...]
Gold:   174        SH:  0    Dex: 13    Spells: 4/4 levels left

rFire    . . .     SeeInvis .   c - +2 dagger (speed)
rCold    + . .     Gourm    .   (no shield)
rNeg     . . .     Faith    .   b - +2 leather armour
rPois    .         Spirit   .   (helmet restricted)
rElec    .         Reflect  .   (no cloak)
rCorr    .         Harm     .   (no gloves)
MR       .....                  (no boots)
Stlth    +.........             (no amulet)
HPRegen  0.14/turn              n - ring of wizardry {Wiz+}
MPRegen  0.09/turn              (no ring)

@: no status effects
A: antennae 1, rugged brown scales 1, cold resistance 1
a: Renounce Religion


You were on level 4 of the Dungeon.
You worshipped Xom.
You were a toy of Xom.
You were hungry.

You visited 1 branch of the dungeon, and saw 4 of its levels.

You collected 174 gold pieces.

Inventory:

Hand Weapons
 a - a +0 hand axe of chaos
 c - a +2 dagger of speed (weapon)
Armour
 b - a +2 leather armour (worn)
 m - a +0 cloak
Jewellery
 h - an uncursed amulet of faith {Faith}
 n - a ring of wizardry (left hand) {Wiz+}
Scrolls
 d - 5 scrolls of remove curse {unknown}
 e - 4 scrolls of identify {unknown}
 f - a scroll of enchant weapon {unknown}
 g - a scroll of blinking {unknown}
 i - 3 scrolls of teleportation {unknown}
 j - 3 scrolls of amnesia {unknown}
 o - a scroll of fog {unknown}
 r - a scroll of silence {unknown}
Potions
 l - a potion of cancellation {unknown}
 p - a potion of heal wounds {unknown}
 q - a potion of flight {unknown}
 Q - a potion of curing {@q2}
Comestibles
 z - 8 rations


   Skills:
 + Level 4.2 Fighting
 + Level 3.8 Axes
 + Level 3.1 Armour
 + Level 2.6 Dodging


You had 4 spell levels left.
You didn't know any spells.
Your spell library contained the following spells:

 Spells                   Type           Power        Failure   Level  Hunger
 Corona                   Hex            #......      16%         1    ##.....
 Ensorcelled Hibernation  Hex/Ice        #.....       24%         2    ###....
 Confuse                  Hex            #.......     41%         3    ####...
 Dazzling Spray           Conj/Hex       #.....       41%         3    ####...
 Tukima's Dance           Hex            #.......     41%         3    ####...


Dungeon Overview and Level Annotations

Branches:
Dungeon (4/15)
 Temple: D:4-7

Altars:


Innate Abilities, Weirdness & Mutations

You have a pair of small antennae on your head.
You are partially covered in rugged brown scales. (AC +1, +3% HP)
Your flesh is cold resistant. (rC+)


Message History

You pick up a book of Maledictions and begin reading...
You add the spells Corona, Ensorcelled Hibernation, Confuse, Tukima's Dance and Dazzling Spray to your library.
The centaur shoots an arrow.
The arrow closely misses you.
The centaur shoots an arrow.
The arrow barely misses you.
You see here an arrow.
The centaur shoots an arrow.
The arrow hits you!
Found a stone staircase leading up.
You take 7 damage, and have 18/43 hp.
The centaur shoots an arrow.
The arrow closely misses you.
The centaur shoots an arrow.
The arrow closely misses you.
You see here 2 arrows.
The centaur shoots an arrow.
The arrow hits you.
You see here an arrow.
You take 5 damage, and have 13/43 hp.
The centaur shoots an arrow.
The arrow hits you.
* * * LOW HITPOINT WARNING * * *
You see here an arrow.
You take 4 damage, and have 9/43 hp.
The centaur shoots an arrow.
The arrow hits you!
You die...
Xom thinks this is hilarious!

###### .....
##..# #..#
#..# #.#####
##..#
#####.....#
....# ##...##
#@#
##.####.###.##
#.# ##.###.##
##.# #(#
.......# #.#
#(# .......##
##.# #.#
...####.###.##
#(# ....#
##...## #.#
###.# ##..#
#c# # #.# #..#
#(#


You could see a centaur.

Vanquished Creatures
  A centaur (D:4)
  3 worker ants
  An adder (D:2)
  A worm (D:2)
  A dart slug (D:2)
  2 leopard geckos (D:1)
  A ball python (D:4)
  7 bats
  2 giant cockroaches
  11 goblins
  4 hobgoblins
  8 jackals
  4 quokkas
  A frilled lizard (D:3)
  8 kobolds
  7 rats
62 creatures vanquished.

Vanquished Creatures (collateral kills)
  Ijyb (D:2)
  2 goblins (D:2)
3 creatures vanquished.

Grand Total: 65 creatures vanquished

Notes
Turn   | Place    | Note
-------+----------+-------------------------------------------
     0 | D:1      | Redear the Demonspawn Chaos Knight began the quest for the
                  | Orb.
     0 | D:1      | Reached XP level 1. HP: 18/18 MP: 1/1
    30 | D:1      | Reached skill level 1 in Dodging
   196 | D:1      | XOM: potion effect (brilliance)
   198 | D:1      | Reached skill level 2 in Armour
   201 | D:1      | Gained mutation: Your flesh is cold resistant. (rC+)
                  | [demonic ancestry]
   201 | D:1      | Reached XP level 2. HP: 17/24 MP: 2/2
   565 | D:1      | XOM: harmless Tloc miscast
   750 | D:1      | Reached skill level 3 in Axes
   847 | D:1      | XOM is BORED!
   847 | D:1      | XOM: noise
  1093 | D:2      | Noticed Ijyb
  1109 | D:2      | Reached XP level 3. HP: 19/29 MP: 3/3
  1121 | D:2      | XOM: cast spell 'Summon Hydra'
  1123 | D:2      | Killed Ijyb
  1247 | D:2      | XOM: divination: detect creatures
  1349 | D:2      | XOM: divination: detect items
  1376 | D:2      | Gained mutation: You have a pair of small antennae on your
                  | head. [demonic ancestry]
  1376 | D:2      | Reached XP level 4. HP: 19/35 MP: 4/4
  1436 | D:2      | Reached skill level 2 in Dodging
  1730 | D:2      | XOM: harmless Pois miscast
  2465 | D:3      | XOM: god gift: 20 arrows
  2742 | D:4      | Noticed a centaur
  2763 | D:4      | Killed a centaur
  2763 | D:4      | Reached skill level 4 in Fighting
  2763 | D:4      | Reached skill level 3 in Armour
  2763 | D:4      | Gained mutation: You are partially covered in rugged brown
                  | scales. (AC +1, +3% HP) [demonic ancestry]
  2763 | D:4      | Reached XP level 5. HP: 10/43 MP: 5/5
  2785 | D:4      | XOM: god gift: scroll labeled KIUJEN FIESCHEM {god gift}
  2842 | D:4      | Noticed a centaur
  2881 | D:4      | XOM: god gift: scroll labeled NUCKET VAFIYSI {god gift}
  2951 | D:4      | XOM: cloud trail
  3244 | D:4      | Noticed a centaur
  3262 | D:4      | Shot with an arrow by a centaur

Levels and vault maps discovered:
D:1:      noname_arrival_rooms_in_the_neighbourhood, layout_basic
D:2:      kennysheep_the_goblin_king, layout_rooms, first_ration,
          kennysheep_generic_room_2
D:3:      layout_loops_cross
D:4:      layout_loops_ring, fedhas_bush_and_centaur_altar,
          lightli_ossuary_entry_decrepit_ruins, st_stairs_11, uniq_pikel,
          uniq_menkaure, uniq_eustachio

Skill      XL: |  1  2  3  4 |
---------------+-------------+-----
Dodging        | 1 2 |  2.6
Armour         | 2 3 |  3.1
Axes           | 3 |  3.8
Fighting       | 4 |  4.2

Action                   |  1- 3 |  4- 6 || total
-------------------------+-------+-------++-------
Melee: Hand axe          |    20 |       ||    20
       Dagger            |   121 |   193 ||   314
       Unarmed           |     1 |       ||     1
  Use: Potion            |       |     3 ||     3
       Scroll            |       |     1 ||     1
 Stab: Sleeping          |     1 |     1 ||     2
       Invisible         |       |     4 ||     4
  Eat: Chunk             |     1 |     6 ||     7
Armor: Leather armour    |    37 |    46 ||    83
       Skin              |     1 |       ||     1
Dodge: Dodged            |    67 |   107 ||   174

Table legend:
 A = Non-vault XP
 B = Vault XP
 C = Vault XP percentage of total XP
 D = Non-vault monster count
 E = Vault monster count
 F = Vault count percentage of total count
                 A         B        C        D         E       F
            +---------+---------+-------+---------+---------+-------
      Total |     330 |      36 |   9.8 |      58 |       7 |  10.8
            +---------+---------+-------+---------+---------+-------
        D:1 |      35 |       0 |   0.0 |      19 |       0 |   0.0
        D:2 |      74 |      36 |  32.7 |      16 |       7 |  30.4
        D:3 |      31 |       0 |   0.0 |      18 |       0 |   0.0
        D:4 |     190 |       0 |   0.0 |       5 |       0 |   0.0
            +---------+---------+-------+---------+---------+-------
